 Dungeon Crawl Stone Soup version 0.27-a0-1245-g940ed4fa31 (webtiles) character file.

Game seed: 12327944696338755656

581 polve the Skirmisher (level 7, -7/58 HPs)
             Began as a Demonspawn Abyssal Knight on June 9, 2021.
             Was a Believer of Lugonu.
             Mangled by a yak (8 damage)
             ... on level 4 of the Dungeon.
             The game lasted 00:04:30 (4225 turns).

polve the Skirmisher (Demonspawn Abyssal Knight)    Turns: 4225, Time: 00:04:30

Health: -7/58      AC: 14    Str: 15    XL:     7   Next: 13%
Magic:  8/8        EV: 11    Int: 13    God:    Lugonu [**....]
Gold:   174        SH:  0    Dex: 12    Spells: 6/6 levels left

rFire    + . .     SeeInvis .   a - +1 short sword
rCold    . . .     Faith    .   (no shield)
rNeg     . . .     Spirit   .   k - +3 ring mail {rF+}
rPois    .         Reflect  .   r - +0 hat
rElec    .         Harm     .   o - +1 cloak
rCorr    .         Rampage  .   e - +0 pair of gloves
Will     .....                  (no boots)
Stlth    +.........             (no amulet)
HPRegen  0.19/turn              (no ring)
MPRegen  0.11/turn              (no ring)

@: no status effects
A: horns 1, thin metallic scales 1, foul stench 1
a: Renounce Religion, Depart the Abyss, Bend Space


You were on level 4 of the Dungeon.
You worshipped Lugonu.
Lugonu was pleased with you.
You visited 1 branch of the dungeon, and saw 4 of its levels.
You visited the Abyss 1 time.

You collected 174 gold pieces.

Inventory:

Hand Weapons
 a - a +1 short sword (weapon)
Armour
 e - a +0 pair of gloves (worn)
 k - a +3 ring mail of fire resistance (worn)
 o - a +1 cloak (worn)
 r - a +0 hat (worn)
Jewellery
 q - a ring of ice
Wands
 c - a wand of digging (5)
Scrolls
 b - a scroll of noise {unknown}
 d - a scroll of amnesia {unknown}
 f - a scroll of magic mapping {unknown}
 i - 9 scrolls of identify {unknown}
 j - 2 scrolls of immolation {unknown}
 m - 2 scrolls of teleportation {unknown}
 p - a scroll of vulnerability {unknown}
Potions
 g - a potion of flight {unknown}
 h - 3 potions of degeneration {unknown}
 l - 2 potions of might {unknown}
 n - a potion of haste {unknown}


   Skills:
 - Level 6.0 Fighting
 - Level 4.0 Short Blades
 + Level 3.5 Armour
 - Level 2.0 Dodging
 - Level 2.4 Invocations


You had 6 spell levels left.
You didn't know any spells.
Your spell library contained the following spells:

 Spells                   Type           Power      Damage    Failure   Level
 Magic Dart               Conj           0%         1d3       52%         1
 Summon Small Mammal      Summ           0%         N/A       52%         1
 Call Imp                 Summ           0%         N/A       65%         2
 Searing Ray              Conj           0%         3d3       65%         2
 Call Canine Familiar     Summ           0%         N/A       87%         3
 Dazzling Flash           Conj/Hex       0%         N/A       87%         3
 Summon Guardian Golem    Hex/Summ       0%         N/A       87%         3
 Fulminant Prism          Conj/Hex       0%         3d6       99%         4
 Iskenderun's Mystic Bla  Conj/Tloc      0%         2d3       99%         4
 Summon Ice Beast         Ice/Summ       0%         N/A       99%         4
 Summon Lightning Spire   Summ/Air       0%         N/A       99%         4


Dungeon Overview and Level Annotations

Branches:
Dungeon (4/15)
 Temple: D:4-7

Altars:
Cheibriados


Innate Abilities, Weirdness & Mutations

You have a pair of small horns on your head.
You are partially covered in thin metallic scales. (AC +2)
You may rarely emit foul miasma when damaged in melee.


Message History

You barely miss the yak.
The yak is severely wounded.
The yak completely misses you.
You barely miss the yak.
The yak is severely wounded.
You closely miss the yak.
The yak is severely wounded.
The yak gores you!
You hit the yak.
The yak is severely wounded.
You hit the yak but do no damage.
The yak is severely wounded.
The yak closely misses you.
You barely miss the yak.
The yak is severely wounded.
The yak misses you.
You hit the yak but do no damage.
The yak is severely wounded.
The yak is no longer moving slowly.
You hit the yak but do no damage.
The yak is severely wounded.
The yak closely misses you.
You closely miss the yak. Your headbutt misses the yak.
The yak is severely wounded.
The yak gores you.
You hit the yak but do no damage.
The yak is severely wounded.
The yak gores you.
You barely miss the yak.
The yak is severely wounded.
The yak gores you!
* * * LOW HITPOINT WARNING * * *
You hit the yak.
The yak is severely wounded.
The yak gores you!
* * * LOW HITPOINT WARNING * * *
You closely miss the yak. Your headbutt misses the yak.
The yak is severely wounded.
The yak gores you!
You die...

##### ### ##...#
######.#####....####
#..@YY<.............
###.###.####......#######.
##...........##........## ##
..#............#..........# ###
..........................# ##..
..........................# #...
....................>.....# #..#
..........................###...
.................)).............


You could see 2 yaks.

Vanquished Creatures
  A yak (D:4)
  A black bear (D:4)
  A phantom (D:4)
  A bullfrog (D:4)
  A water moccasin skeleton (D:4)
  An orc priest (D:3)
  A bullfrog skeleton (D:4)
  A howler monkey skeleton (D:4)
  4 adders
  A worm (D:2)
  2 dart slugs
  3 orcs
  4 endoplasms
  5 giant cockroaches
  8 goblins
  3 hobgoblins
  3 jackals
  3 kobolds
  3 quokkas
  6 ball pythons
  2 bats
  2 frilled lizards
  4 rats
61 creatures vanquished.

Notes
Turn   | Place    | Note
-------+----------+-------------------------------------------
     0 | Abyss:1  | polve the Demonspawn Abyssal Knight began the quest for the
                  | Orb.
     0 | Abyss:1  | Reached XP level 1. HP: 18/18 MP: 2/2
    34 | Abyss:2  | Noticed a smoke demon
    83 | Abyss:2  | Noticed a tentacled starspawn
    85 | D:1      | Escaped the Abyss
   104 | D:1      | Noticed a komodo dragon
   104 | D:1      | Noticed a water moccasin
   105 | D:1      | Noticed a hog
   105 | D:1      | Noticed a swamp worm
   354 | D:1      | Reached * piety under Lugonu
   355 | D:1      | Gained mutation: You are partially covered in thin metallic
                  | scales. (AC +2) [demonic ancestry]
   355 | D:1      | Reached XP level 2. HP: 19/24 MP: 3/3
   533 | D:1      | You fall into a shaft and drop 1 floor!
   596 | D:1      | Reached XP level 3. HP: 19/29 MP: 4/4
  1959 | D:3      | Gained mutation: You have a pair of small horns on your
                  | head. [demonic ancestry]
  1959 | D:3      | Reached XP level 4. HP: 32/35 MP: 5/5
  2173 | D:3      | Reached ** piety under Lugonu
  2311 | D:3      | Found a snail-covered altar of Cheibriados.
  2734 | D:3      | Reached skill level 4 in Fighting
  2927 | D:4      | Gained mutation: You may rarely emit foul miasma when
                  | damaged in melee. [demonic ancestry]
  2927 | D:4      | Reached XP level 5. HP: 39/43 MP: 6/6
  2956 | D:4      | Noticed an ogre
  3283 | D:4      | Reached skill level 5 in Fighting
  3460 | D:4      | Noticed a black bear
  3483 | D:4      | Killed a black bear
  3484 | D:4      | Reached XP level 6. HP: 16/52 MP: 7/7
  3733 | D:4      | Reached skill level 6 in Fighting
  3733 | D:4      | Reached skill level 1 in Dodging
  3780 | D:4      | Noticed a yak
  3780 | D:4      | Noticed a yak
  3781 | D:4      | Noticed a yak
  3795 | D:4      | Killed a yak
  3810 | D:4      | Reached XP level 7. HP: 28/58 MP: 8/8
  4224 | D:4      | HP: 1/58 [yak (12)]
  4225 | D:4      | Mangled by a yak

Illustrated notes

Levels and vault maps discovered:
D:1:      onia_arrival_zoo_common, layout_loops_ring, dk_noncrumbling_3,
          chequers_serial_rivers_large_a, ebering_dispersal_statue_hall,
          minmay_3d_cube
D:2:      layout_rooms, minmay_pentomino_q2
D:3:      layout_loops_ring, lemuel_doored_altar
D:4:      layout_rooms, grunt_ministairs_15

Skill      XL: |  1  2  3  4  5  6 |
---------------+-------------------+-----
Short Blades   | 2 3 4 |  4.0
Fighting       | 4 5 6 |  6.0
Armour         | 3 |  3.5
Dodging        | 2 |  2.0
Invocations    | |  2.4

Action                   |  1- 3 |  4- 6 |  7- 9 || total
-------------------------+-------+-------+-------++-------
Melee: Short sword       |   137 |   159 |    31 ||   327
       Headbutt          |       |    30 |     1 ||    31
Invok: Depart the Abyss  |     1 |       |       ||     1
       Bend Space        |       |     1 |     6 ||     7
 Stab: Sleeping          |     1 |       |       ||     1
Armor: Leather armour    |    32 |       |       ||    32
       Ring mail         |    30 |    98 |     6 ||   134
Dodge: Dodged            |    69 |   103 |    13 ||   185

Table legend: (Time is in decaauts)
 A = Elapsed time spent in this place.
 B = Non-inter-level travel time spent in this place.
 C = Inter-level travel time spent in this place.
 D = Time resting spent in this place.
 E = Time spent auto-exploring this place.
 F = Levels seen in this place.
 G = Mean time per level.
                   A        B        C        D        E       F      G
               +--------+--------+--------+--------+--------+-----+--------+
         Total |   4220 |   4150 |     70 |      0 |   3398 |   6 |  703.3 |
       Dungeon |   4134 |   4064 |     70 |      0 |   3374 |   4 | 1033.5 |
         Abyss |     86 |     86 |      0 |      0 |     24 |   2 |   43.0 |
               +--------+--------+--------+--------+--------+-----+--------+

Top non-repeatable levels by time:
     D:2: 1226 daAuts
     D:3: 1179 daAuts
     D:1: 1051 daAuts
     D:4: 677 daAuts
 Abyss:2: 79 daAuts
 Abyss:1: 6 daAuts
